Introsp3ctive, lawful male human Samurai ------------ |..........| |..........| |..........| |...........###### ---|-------- # ## ### f# # # @ ### ### u # # # ### ### ---------.--- # |............ |%..%.......| |............ |<..^.......| ------------- Introsp3ctive the Ronin Experience level: 5 Strength: 15 Dexterity: 11 Constitution: 18 Intelligence: 11 Wisdom: 7 Charisma: 9 Health: 0(52) Energy: 14(14) Def: 6 Gold: 2697 Moves: 2215 Dungeon seed: BWYaDwawvOS3WfGh Game ID: Introsp3ctive_1467071037 Your Inventory: Coins $ - 2697 gold pieces Amulets B - a cursed amulet versus poison Weapons a - an uncursed +0 katana (alternate weapon; not wielded) b - an uncursed +0 wakizashi c - an uncursed +0 yumi (weapon in hand) d - 28 uncursed +0 ya (in quiver) Armor e - an uncursed rustproof +0 splint mail (being worn) o - a cursed +1 pair of gauntlets of dexterity s - an uncursed +2 studded leather armor y - an uncursed +0 dwarvish cloak (being worn) Z - a cursed +0 cloak of magic resistance Comestibles i - 3 uncursed gunyoki p - an uncursed tripe ration w - 2 cursed gunyoki Scrolls m - a blessed scroll of earth n - an uncursed scroll of enchant armor t - an uncursed scroll of identify A - 2 cursed scrolls of enchant weapon E - a blessed scroll of amnesia K - a cursed scroll of enchant armor L - a cursed scroll of teleportation M - a cursed scroll of food detection T - an uncursed scroll of destroy armor V - a cursed scroll of stinking cloud Spellbooks j - an uncursed spellbook of protection x - a cursed spellbook of charm monster C - a cursed spellbook of force bolt Potions h - a blessed potion of restore ability r - an uncursed potion of polymorph u - an uncursed potion of full healing v - a cursed potion of gain level z - an uncursed potion of restore ability O - 3 potions of unholy water Q - 2 cursed potions of sake S - a cursed potion of levitation U - a cursed potion of healing Rings D - a cursed +1 ring of protection F - a cursed ring of invisibility G - a cursed ring of warning R - a cursed ring of slow digestion W - an uncursed ring of polymorph control X - a cursed ring of searching Wands g - an uncursed wand of striking (0:4) H - a cursed wand of magic missile (0:3) I - an uncursed wand of magic missile (0:4) J - an uncursed wand of light (0:12) N - a cursed wand of sleep (0:5) P - a cursed wand of probing (0:6) Y - a cursed wand of create monster (0:13) Tools f - an uncursed blindfold k - an uncursed tin whistle l - an uncursed magic whistle Spells and supernatural/magical abilities: Name Level Category Fail Memory W - pray for help -- divine ? -- Your skills at the end: Fighting Skills martial arts [Basic] Weapon Skills short sword [Basic] long sword [Basic] bow [Basic] Spellcasting Skills Final Attributes: You were piously aligned. You were fast. You are dead. Vanquished creatures: an elf mummy a giant beetle a giant spider an Uruk-hai a gnomish wizard a kobold lord a kobold shaman a rabid rat a centipede an iguana 2 coyotes 2 giant rats 3 cave spiders 2 green molds a red mold a gecko 3 jackals a fox a goblin a sewer rat a grid bug 2 lichens 5 newts 35 creatures vanquished. Voluntary challenges: You were an atheist. You used a wielded weapon 56 times, starting on turn 170. You read items or engraved 3 times, starting on turn 1733. You never genocided any monsters. You never polymorphed an object. You never changed form. You used no wishes. You never split a pudding. You wrote Elbereth's name 3 times, starting on turn 1733. You never violated your personal moral code. Dungeon overview: The Dungeons of Doom: levels 1 to 8 Level 1 a fountain a long staircase Level 2 some fountains Level 3 an armor shop Level 4 stairs to The Gnomish Mines Level 5 a fountain Level 6 Level 7 (<>) Level 8 <- You were here The Gnomish Mines: Level 5 stairs to The Dungeons of Doom History has recorded: On T:1 you entered the Dungeons of Doom to retrieve the Amulet of Yendor! On T:278 you reached level 2 of The Dungeons of Doom. On T:582 you advanced to experience level 2. On T:599 you reached level 3 of The Dungeons of Doom. On T:833 you reached level 4 of The Dungeons of Doom. On T:897 you reached level 1 of The Gnomish Mines. On T:981 you advanced to experience level 3. On T:1160 you reached level 5 of The Dungeons of Doom. On T:1389 you reached level 6 of The Dungeons of Doom. On T:1514 you advanced to experience level 4. On T:1533 you reached level 7 of The Dungeons of Doom. On T:1774 you advanced to experience level 5. On T:1852 you reached level 8 of The Dungeons of Doom. Score breakdown: Gold: 2697 (11671 points) Experience: 5 levels (11141 points) Exploration: 8 levels ( 17.39%) (11832 points) Discoveries: 3 items ( 1.22%) ( 3312 points) Valuables value: (no points given unless you survive) Artifact value: 0 ( 0 points) Variety of kills: 23 monsters ( 6.04%) ( 7370 points) Turncount: 2215 turns ( -151 points) Survival: died (score multiplied by 80%) Total score: 36140 Latest messages: There are many more objects here. Your movements are slowed slightly because of your load. You have a little trouble lifting Z - an ornamental cope. You have a little trouble lifting o - a pair of padded gloves. s - a studded leather armor. w - 2 gunyoki. x - a cyan spellbook. C - a stained spellbook. Your knapsack cannot accommodate any more items. You rebalance your load. Movement is difficult. You displace Pontificus. It moves only reluctantly. The mountain nymph picks up a gray stone. The mountain nymph stole a spherical amulet. There are many objects here. The jaguar hits! (2x) The jaguar bites! You don't have enough stamina to move. The jaguar hits! (2x) The jaguar bites! You die... Final status: Sayonara Introsp3ctive the Samurai, killed by a jaguar... You died in The Dungeons of Doom on dungeon level 8 with 36140 points, and 2697 pieces of gold, after 2215 moves. You were level 5 with a maximum of 52 hit points when you died.